 Dungeon Crawl Stone Soup version 0.28.0-47-ge53b351184 (webtiles) character file.

Game seed: 12269067283784853277

150 pkoi the Insei (level 4, 0/37 HPs)
             Began as a Demigod Gladiator on May 2, 2022.
             Slain by Pargi (2 damage)
             ... on level 3 of the Dungeon.
             The game lasted 00:04:01 (3279 turns).

pkoi the Insei (Demigod Gladiator)                  Turns: 3279, Time: 00:04:02

Health: 0/37       AC: 11    Str: 15    XL:     4   Next: 84%
Magic:  0/6        EV:  5    Int: 14    God:
Gold:   138        SH:  0    Dex: 15    Spells: 2/3 levels left

rFire   . . .      SeeInvis .     - Unarmed
rCold   . . .      Faith    .   (no shield)
rNeg    . . .      Spirit   +   m - +0 plate armour
rPois   .          Reflect  .   b - +0 helmet
rElec   .          Harm     .   (no cloak)
rCorr   .          Rampage  .   (no gloves)
Will    +....                   (no boots)
Stlth   ..........              k - amulet of guardian spirit
HPRegen 0.12/turn               i - ring of willpower
MPRegen 0.10/turn               (no ring)

@: no status effects
A: high MP 1, forlorn, divine attributes
a: no special abilities


You were on level 3 of the Dungeon.
You visited 1 branch of the dungeon, and saw 3 of its levels.

You collected 138 gold pieces.

Inventory:

Hand Weapons
 e - a +0 dagger
Missiles
 c - a throwing net
 f - 63 stones
 h - a poisoned dart (quivered)
Armour
 a - a +0 leather armour
 b - a +0 helmet (worn)
 g - a +0 scale mail
 m - a +0 plate armour (worn)
Jewellery
 i - a ring of willpower (left hand)
 k - an amulet of guardian spirit (around neck)
Scrolls
 d - 4 scrolls of identify
Potions
 j - a potion of might {unknown}
 l - a potion of curing


   Skills:
 + Level 2.3 Fighting
 - Level 1.7 Throwing
 + Level 1.3 Armour
 - Level 3.0 Dodging
 * Level 4.5 Unarmed Combat
 - Level 0.1 Earth Magic


You had 2 spell levels left.
You knew the following spells:

 Your Spells              Type           Power      Damage    Failure   Level
a - Sandblast             Erth           0%         2d4       100%        1

Your spell library contained the following spells:

 Spells                   Type           Power      Damage    Failure   Level
 Beastly Appendage        Tmut           0%         N/A       100%        1
 Passwall                 Tmut/Erth      0%         N/A       100%        2
 Wereblood                Tmut           0%         N/A       100%        2
 Spider Form              Tmut/Pois      0%         N/A       100%        3
 Stone Arrow              Conj/Erth      0%         3d7       100%        3


Dungeon Overview and Level Annotations

Branches:
Dungeon (3/15)

Shops:
D:1 (

Annotations:
D:3 Pargi


Innate Abilities, Weirdness & Mutations

You have an increased reservoir of magic. (+10% MP)
You shall have no god before yourself.
Your divine heritage dramatically boosts your attributes as you level up.


Message History

Pargi is moderately wounded.
Pargi struggles against the net.
You hit Pargi.
Pargi is moderately wounded.
Pargi struggles against the net.
You catch the helpless Pargi completely off-guard!
You hit Pargi.
Pargi is moderately wounded.
You strike the helpless Pargi from behind!
You punch Pargi!
Pargi is heavily wounded.
Pargi struggles against the net.
The net rips apart, and Pargi comes free!
Throw: 2 throwing nets
Press: ? - help, Shift-Dir - straight line, f/p - Pargi
Aim: Pargi (heavily wounded, 51% to hit)
You throw a throwing net. The throwing net hits Pargi.
Pargi is caught in the net!
Pargi is heavily wounded.
Pargi struggles against the net.
You hit Pargi.
Pargi is heavily wounded.
Pargi struggles against the net.
You hit Pargi.
Pargi is heavily wounded.
Pargi struggles against the net.
You hit Pargi.
Pargi is severely wounded.
Pargi struggles against the net.
You hit Pargi but do no damage.
Pargi is heavily wounded.
Pargi struggles against the net.
You hit Pargi but do no damage.
Pargi is heavily wounded.
Pargi struggles against the net.
The net rips apart, and Pargi comes free!
You hit Pargi.
Pargi is heavily wounded.
Pargi bites you.
You die...

#.####.# #.# #.# #.#
#.#
#.####.##############
#...>................
####.######.##.....##
#.##.....##†....#
#.##.######.....#
#@##.# #.....# #T##.#
####### #.##.#
#.##.#############
#...))..w(...(....
########.#########
#.# #.# #.#


You could see Pargi.

Vanquished Creatures
  A water moccasin zombie (D:3)
  3 adders
  A worm (D:2)
  A dart slug (D:1)
  6 endoplasms
  5 giant cockroaches
  8 goblins
  8 hobgoblins
  6 kobolds
  3 quokkas
  7 ball pythons
  4 bats
  A frilled lizard (D:2)
  7 rats
61 creatures vanquished.

Notes
Turn   | Place    | Note
-------+----------+-------------------------------------------
     0 | D:1      | pkoi the Demigod Gladiator began the quest for the Orb.
     0 | D:1      | Reached XP level 1. HP: 17/17 MP: 3/3
   460 | D:1      | Reached skill level 3 in Unarmed Combat
   577 | D:1      | Found Nuruapp's Antique Weapon Boutique.
   631 | D:1      | Reached XP level 2. HP: 24/24 MP: 4/4
  1077 | D:1      | Learned a level 1 spell: Sandblast
  1734 | D:2      | Reached XP level 3. HP: 28/29 MP: 5/5
  2040 | D:2      | Reached skill level 4 in Unarmed Combat
  2791 | D:3      | Reached XP level 4. HP: 36/36 MP: 6/6
  2852 | D:3      | Reached skill level 1 in Armour
  2916 | D:3      | Noticed Pargi
  3262 | D:3      | HP: 1/37 [Pargi (4)]
  3279 | D:3      | Slain by Pargi

Illustrated notes

Levels and vault maps discovered:
D:1:      sevenhm_arrival_forest_fort_large_4, layout_basic, serial_shops, shop,
          hex_medium, chequers_serial_rivers_small_a
D:2:      layout_loops_ring
D:3:      layout_basic, overflow_temple_1_default,
          hellmonk_ecumenical_altar_lost_god, uniq_pargi

Skill      XL: |  1  2  3  4 |
---------------+-------------+-----
Unarmed Combat | 3 4 |  4.5
Fighting       | 2 |  2.3
Armour         | 1 |  1.3
Dodging        | 3 |  3.0
Throwing       | |  1.7
Earth Magic    | |  0.1

Action                   |  1- 3 |  4- 6 || total
-------------------------+-------+-------++-------
Melee: Unarmed           |   203 |    71 ||   274
       Punch             |     6 |     1 ||     7
Throw: Dart              |    16 |     8 ||    24
       Throwing net      |       |     4 ||     4
  Use: Scroll            |     6 |       ||     6
 Stab: Held in net/web   |       |     3 ||     3
Armor: Scale mail        |    21 |       ||    21
       Leather armour    |     2 |       ||     2
       Plate armour      |   111 |    65 ||   176
Dodge: Dodged            |    48 |    12 ||    60
